[Event "*** SCC Grand Prix: Titled Tuesday Blitz"]
[Site "Chess.com"]
[Date "2020.06.02"]
[Round "10"]
[White "Volodar_Murzin"]
[Black "Artem_Sadovsky"]
[Result "0-1"]
[WhiteElo "2692"]
[BlackElo "2555"]
[TimeControl "180+1"]
[EndTime "11:53:12 PDT"]
[Termination "Artem_Sadovsky won by resignation"]

1. e4 g6 2. Nf3 Bg7 3. d4 d6 4. Bc4 e6 5. Qe2 Ne7 6. O-O h6 7. c3 g5 8. Re1 Ng6 9. Be3 Nd7 10. Nbd2 a6 11. Rad1 g4 12. d5 gxf3 13. Nxf3 e5 14. b4 Nf6 15. Kh1 Nxe4 0-1

[Event "*** SCC Grand Prix: Titled Tuesday Blitz"]
[Site "Chess.com"]
[Date "2020.06.02"]
[Round "10"]
[White "shineatchess"]
[Black "biaf13"]
[Result "1-0"]
[WhiteElo "2244"]
[BlackElo "2020"]
[TimeControl "180+1"]
[EndTime "11:53:45 PDT"]
[Termination "shineatchess won by resignation"]

1. e4 c5 2. Nf3 e6 3. c3 Nf6 4. e5 Nd5 5. d4 cxd4 6. cxd4 d6 7. Bc4 Nb6 8. Bb3 Nc6 9. Nc3 Be7 10. O-O O-O 11.
Qe2 dxe5 12. dxe5 Qc7 13. Nb5 Qb8 14. Bf4 a6 15. Nd6 Nd7 16. Rfd1 Ndxe5 17. Nxe5 Bxd6 18. Nxc6 bxc6 1-0

[Event "*** SCC Grand Prix: Titled Tuesday Blitz"]
[Site "Chess.com"]
[Date "2020.06.02"]
[Round "10"]
[White "Carnivoras"]
[Black "thedjoker98"]
[Result "1-0"]
[WhiteElo "2613"]
[BlackElo "2445"]
[TimeControl "180+1"]
[EndTime "11:53:56 PDT"]
[Termination "Carnivoras won by resignation"]

1. d4 d5 2. Nf3 Nf6 3. Bg5 Ne4 4. Bh4 h5 5. Ng5 f6 6. Nxe4 dxe4 7. f3 g5 8. Bf2 Bf5 9. fxe4 Bxe4 10. Nc3 Bg6 11. e4 e6 12. Bc4 Qd7 13. O-O c6 14. d5 e5 15. dxc6 Nxc6 16. Qxd7+ Kxd7 17. Rad1+ Ke8 18. Nd5 Bd6 19. Nxf6+ Ke7 20. Nd5+ Ke8 21. Be3 Bxe4 22. Nf6+ 1-0

[Event "*** SCC Grand Prix: Titled Tuesday Blitz"]
[Site "Chess.com"]
[Date "2020.06.02"]
[Round "10"]
[White "MateSchmate"]
[Black "abfchess"]
[Result "0-1"]
[WhiteElo "2366"]
[BlackElo "2134"]
[TimeControl "180+1"]
[EndTime "11:54:11 PDT"]
[Termination "abfchess won by checkmate"]

1. e4 e6 2. d4 d5 3. Bd3 c5 4.
exd5 exd5 5. dxc5 Nf6 6. Nf3 Bxc5 7. O-O O-O 8. Nbd2 Nc6 9. Nb3 Bb6 10. Bg5 Bg4 11.
Be2 Qd6 12. h3 Bh5 13. c3 Ne4 14. g4 Bg6 15. Kg2 Bxf2 16. Kh1 Qg3 17. Ng1 Bxg1 18. Rf3 Nf2+ 19. Rxf2 Bxf2 20. Qd3 Bxd3 21. Bf1 Qg1# 0-1

[Event "*** SCC Grand Prix: Titled Tuesday Blitz"]
[Site "Chess.com"]
[Date "2020.06.02"]
[Round "10"]
[White "Stewie_89"]
[Black "Khamrakulov_Djurabek"]
[Result "1-0"]
[WhiteElo "2636"]
[BlackElo "2788"]
[TimeControl "180+1"]
[EndTime "11:54:28 PDT"]
[Termination "Stewie_89 won by resignation"]

1. e4 c6 2. d4 d5 3. Nd2 dxe4 4. Nxe4 Bf5 5. Ng3 Bg6 6. h4 h6 7. Nh3 e6 8. Nf4 Bh7 9. Bc4 Nd7 10. c3 Qc7 11. Be3 Ngf6 12. Qe2 Bd6 13. Ngh5 Nxh5 14. Nxh5 g6 15. Ng7+ Kf8 16. Bxh6 Ke7 17. Bg5+ Kf8 18. Nxe6+ fxe6 19. Qxe6 1-0

[Event "*** SCC Grand Prix: Titled Tuesday Blitz"]
[Site "Chess.com"]
[Date "2020.06.02"]
[Round "10"]
[White "AlexTriapishko"]
[Black "Kildepiotr"]
[Result "1-0"]
[WhiteElo "2688"]
[BlackElo "2463"]
[TimeControl "180+1"]
[EndTime "11:54:39 PDT"]
[Termination "AlexTriapishko won by resignation"]

1. b3 e5 2. Bb2 d6 3. c4 Nc6 4. e3 g6 5. a3 a5 6. Nf3 Bg7 7.
Qc2 f5 8. d3 Nf6 9. Nc3 O-O 10.
Be2 Be6 11. O-O h6 12. d4 e4 13. d5 exf3 14. Bxf3 Ne5 15. dxe6 Nxf3+ 16. gxf3 c6 17. Ne2 Qe8 18. Rad1 Rd8 19. Kh1 Qxe6 20. Rg1 Qf7 21. Nf4 g5 22. Qxf5 gxf4 23. Rxg7+ Qxg7 24. Rg1 Qxg1+ 25. Kxg1 Kg7 26. Qxf4 d5 27. Bxf6+ Rxf6 28. Qc7+ 1-0

[Event "*** SCC Grand Prix: Titled Tuesday Blitz"]
[Site "Chess.com"]
[Date "2020.06.02"]
[Round "10"]
[White "silverback96"]
[Black "HrvojeZagreb"]
[Result "1/2-1/2"]
[WhiteElo "2198"]
[BlackElo "2104"]
[TimeControl "180+1"]
[EndTime "11:54:42 PDT"]
[Termination "Game drawn by repetition"]

1. e4 d6 2. d4 Nd7 3. Nc3 e5 4. Nf3 Be7 5. Bc4 Ngf6 6. Bxf7+ Kxf7 7. Ng5+ Kg8 8. Ne6 Qe8 9. Nxc7 Qg6 10. Nxa8 Qxg2 11.
Rf1 Ng4 12. Qe2 exd4 13. Qc4+ Kf8 14. Qxc8+ Kf7 15. Qxd7 dxc3 16. Qf5+ Bf6 17. Nc7 Nxh2 18. Qe6+ Kg6 19. Qf5+ Kf7 20. Qd5+ Kg6 21. Qf5+ Kf7 1/2-1/2

[Event "*** SCC Grand Prix: Titled Tuesday Blitz"]
[Site "Chess.com"]
[Date "2020.06.02"]
[Round "10"]
[White "2346PL"]
[Black "Jojo_1608"]
[Result "1-0"]
[WhiteElo "2455"]
[BlackElo "2190"]
[TimeControl "180+1"]
[EndTime "11:54:44 PDT"]
[Termination "2346PL won by resignation"]

1. d4 Nf6 2. Bg5 c5 3. c3 cxd4 4. cxd4 g6 5. Bxf6 exf6 6. Nc3 Bg7 7. e3 O-O 8. g3 f5 9. Bg2 f4 10. gxf4 Re8 11. h4 Qb6 12. Nd5 Qxb2 13. Ne2 Na6 14.
O-O d6 15. h5 Qa3 16. h6 Bh8 17. Ng3 Be6 18. f5 Bd7 19. f6 Bc6 20. Ne7+ Kf8 21. Nxc6 bxc6 22. Bxc6 Bxf6 23. Qf3 1-0

[Event "*** SCC Grand Prix: Titled Tuesday Blitz"]
[Site "Chess.com"]
[Date "2020.06.02"]
[Round "10"]
[White "SantoBlue"]
[Black "Niclox"]
[Result "0-1"]
[WhiteElo "2786"]
[BlackElo "2704"]
[TimeControl "180+1"]
[EndTime "11:54:51 PDT"]
[Termination "Niclox won by resignation"]

1. e4 c5 2. Nf3 d6 3. d4 cxd4 4. Nxd4 Nf6 5. Nc3 g6 6. Be3 Bg7 7. f3 O-O 8. Qd2 Nc6 9. O-O-O Nxd4 10. Bxd4 Be6 11. g4 Qa5 12. Kb1 Rfc8 13. a3 Rab8 14. h4 b5 15. h5 b4 16. Nd5 Nxd5 17.
exd5 Qxd5 18. b3 bxa3 19. Bxg7 Rxb3+ 20. cxb3 Qxb3+ 21. Ka1 Rc2 0-1

[Event "*** SCC Grand Prix: Titled Tuesday Blitz"]
[Site "Chess.com"]
[Date "2020.06.02"]
[Round "10"]
[White "DvaHrasta"]
[Black "dpopadic"]
[Result "1-0"]
[WhiteElo "2481"]
[BlackElo "2338"]
[TimeControl "180+1"]
[EndTime "11:54:54 PDT"]
[Termination "DvaHrasta won by resignation"]

1. c4 Nf6 2. g3 g6 3. Bg2 Bg7 4. Nf3 d6 5. O-O O-O 6. Nc3 e5 7. d3 h6 8. Rb1 Re8 9. e4 a5 10. h3 Nc6 11. Be3 Nd7 12. a3 Nc5 13. b4 axb4 14.
axb4 Ne6 15. Qd2 Kh7 16. Ne2 Bd7 17. Ra1 Qe7 18. b5 Ncd4 19. Bxd4 exd4 20. b6 c5 21. Ra7 Bc6 22. Rfa1 Rab8 23. Nc1 Nf8 24. Nb3 Bd7 25. Na5 Bc8 26. Nc6 Bd7 27. Nxe7 1-0

[Event "*** SCC Grand Prix: Titled Tuesday Blitz"]
[Site "Chess.com"]
[Date "2020.06.02"]
[Round "10"]
[White "Natalya_Buksa"]
[Black "ErikRonka"]
[Result "1-0"]
[WhiteElo "2565"]
[BlackElo "2403"]
[TimeControl "180+1"]
[EndTime "11:55:05 PDT"]
[Termination "Natalya_Buksa won by resignation"]

1. d4 Nf6 2. Nc3 d5 3. Bf4 a6 4. e3 e6 5. Nf3 c5 6. Ne5 Be7 7. Be2 Nc6 8. O-O O-O 9. Nxc6 bxc6 10. b3 cxd4 11. exd4 c5 12. Na4 cxd4 13. Qxd4 Ne4 14. Rad1 Bf6 15. Be5 Bxe5 16. Qxe5 Bd7 17. Bf3 Bxa4 18.
Bxe4 Bc6 19. c4 Qa5 20. Bb1 Rad8 21. Rd4 Qb6 22. Rh4 g6 23. Qg5 f6 24. Qg4 f5 25. Qe2 Ba8 26. Re1 Rfe8 27. Qe5 dxc4 28. Rxc4 Bd5 29. Rc7 1-0

[Event "*** SCC Grand Prix: Titled Tuesday Blitz"]
[Site "Chess.com"]
[Date "2020.06.02"]
[Round "10"]
[White "zurzan"]
[Black "Margarita2907"]
[Result "0-1"]
[WhiteElo "1909"]
[BlackElo "2059"]
[TimeControl "180+1"]
[EndTime "11:55:17 PDT"]
[Termination "Margarita2907 won by resignation"]

1. f4 d5 2. Nf3 c6 3. g3 g6 4.
Bg2 Bg7 5. O-O Nd7 6. d3 e5 7.
fxe5 Nxe5 8. Nc3 Ne7 9. Bf4 Nxf3+ 10. Bxf3 O-O 11. e4 dxe4 12. Bxe4 Qb6+ 13. Kg2 Qxb2 14. Na4 Qb4 15. c3 Bxc3 16. Nxc3 Qxc3 17. Bd6 Re8 18.
Rc1 Qb2+ 19. Rf2 Qd4 20. Bc5 Qe5 21. Qf3 Nf5 22. d4 Qxe4 23. Qxe4 Rxe4 24. Rcf1 Ne3+ 0-1

[Event "*** SCC Grand Prix: Titled Tuesday Blitz"]
[Site "Chess.com"]
[Date "2020.06.02"]
[Round "10"]
[White "ChessicallyInclined"]
[Black "Arjun2002"]
[Result "0-1"]
[WhiteElo "2520"]
[BlackElo "2655"]
[TimeControl "180+1"]
[EndTime "11:55:18 PDT"]
[Termination "Arjun2002 won by resignation"]

1. d4 d5 2. c4 c6 3. Nf3 Nf6 4. e3 Bf5 5. Nc3 e6 6. Nh4 Be4 7. f3 Bg6 8. g3 Be7 9. Qb3 Qc7 10. Bd2 O-O 11. cxd5 cxd5 12. Nxg6 hxg6 13. O-O-O Nc6 14. Kb1 Na5 15. Qc2 Rfc8 16. h4 Qxg3 17. Be2 Nc4 18. Bc1 b5 19. Rdg1 Qc7 20. Nxb5 Qb6 21. Bxc4 Rxc4 22. Nc3 Rac8 23. Ka1 a5 24. h5 gxh5 25. e4 Qxd4 26. exd5 Rxc3 27. bxc3 Rxc3 28. Bb2 Qxg1+ 29. Rxg1 Rxc2 30. d6 Bd8 0-1

[Event "*** SCC Grand Prix: Titled Tuesday Blitz"]
[Site "Chess.com"]
[Date "2020.06.02"]
[Round "10"]
[White "ClassyEl"]
[Black "AshotParvanyan"]
[Result "0-1"]
[WhiteElo "2566"]
[BlackElo "2449"]
[TimeControl "180+1"]
[EndTime "11:55:23 PDT"]
[Termination "AshotParvanyan won by resignation"]

1. d4 Nf6 2. Bg5 d5 3. Bxf6 exf6 4. e3 Bd6 5. g3 O-O 6. Bg2 c6 7. Ne2 f5 8. O-O Nd7 9. b3 Nf6 10. c4 Be6 11. Qd3 Ne4 12. Nbc3 Qa5 13. cxd5 cxd5 14. a3 Rac8 15. b4 Qd8 16. Rfc1 Qd7 17. Qb5 Nxc3 18. Nxc3 Rxc3 19. Qxd7 Rxc1+ 20. Rxc1 Bxd7 21. Bxd5 Rc8 22. Rb1 Bc6 23. Bb3 Be4 24. Re1 Rc3 0-1

[Event "*** SCC Grand Prix: Titled Tuesday Blitz"]
[Site "Chess.com"]
[Date "2020.06.02"]
[Round "10"]
[White "Shota_Azaladze"]
[Black "TengisChess"]
[Result "0-1"]
[WhiteElo "2787"]
[BlackElo "2511"]
[TimeControl "180+1"]
[EndTime "11:55:29 PDT"]
[Termination "TengisChess won by checkmate"]

1. Nf3 Nf6 2. g3 g6 3. Bg2 Bg7 4. O-O O-O 5. d3 d5 6. Nbd2 c5 7. e4 Nc6 8. c3 Bg4 9. h3 dxe4 10.
dxe4 Bxf3 11. Qxf3 Ne5 12. Qe3 Rc8 13. f4 Nd3 14. e5 Nh5 15. Bxb7 Rb8 16. Bg2 Nxg3 17. Qxg3 Nxc1 18. Raxc1 Qxd2 19. b3 Qxa2 20. Ra1 Qxb3 21. Rxa7 e6 22. h4 Qc2 23. h5 Rb1 24. Rxb1 Qxb1+ 25. Kh2 Qc1 26. Rc7 Bh6 27. Qd3 Qxf4+ 28. Kg1 Qxe5 29. Rd7 Be3+ 30. Kf1 Qf4+ 31. Ke1 Qf2+ 32. Kd1 c4 33. Qe4 Qg1+ 34. Ke2 Qf2+ 35. Kd1 Bh6 36. Bf3 Rb8 37. Be2 Qg1+ 38. Kc2 Qc1# 0-1

[Event "*** SCC Grand Prix: Titled Tuesday Blitz"]
[Site "Chess.com"]
[Date "2020.06.02"]
[Round "10"]
[White "malandragem"]
[Black "sopo-tereladze"]
[Result "1-0"]
[WhiteElo "2471"]
[BlackElo "2334"]
[TimeControl "180+1"]
[EndTime "11:55:32 PDT"]
[Termination "malandragem won by resignation"]

1. a3 e5 2. e4 Nf6 3. Nc3 Nc6 4. Bc4 Be7 5. d3 d6 6. f4 Be6 7. Bb5 exf4 8. Bxf4 a6 9. Bxc6+ bxc6 10. Nf3 O-O 11. O-O Qd7 12. Qd2 Rab8 13. Rab1 Rfe8 14. d4 d5 15. Ne5 Qc8 16. Nxc6 dxe4 17. Nxe7+ Rxe7 18. Bg5 Bf5 19. Bxf6 gxf6 20. Nd5 Kf8 21. Qh6+ Ke8 22.
Nxf6+ 1-0

[Event "*** SCC Grand Prix: Titled Tuesday Blitz"]
[Site "Chess.com"]
[Date "2020.06.02"]
[Round "10"]
[White "vasblesk"]
[Black "barbara25"]
[Result "1-0"]
[WhiteElo "2410"]
[BlackElo "2235"]
[TimeControl "180+1"]
[EndTime "11:55:32 PDT"]
[Termination "vasblesk won by resignation"]

1. d4 d5 2. c4 c6 3. cxd5 cxd5 4. Nc3 Nf6 5. Bf4 Bf5 6. e3 Nc6 7. Nf3 e6 8. Be2 Bb4 9. O-O O-O 10. Rc1 a6 11. a3 Bd6 12. Bg3 Ne4 13. Nxe4 Bxe4 14.
Nd2 Bg6 15. Nb3 Bxg3 16. hxg3 Qe7 17. Nc5 f5 18. Nxa6 bxa6 19. Rxc6 a5 20. Qc2 Rfb8 21. Rc1 h6 22. Rc7 Qf6 23. Bd3 a4 24. Rc5 Kh7 25. f4 Rb3 26. Rb5 Rxb5 27. Bxb5 h5 28. Kf2 Be8 29.
Bxe8 Rxe8 30. Qxa4 Rb8 31. b4 Kg6 32. Qd7 Ra8 33. Rc6 Kh7 34. Rxe6 Qf8 35. Re5 Rxa3 36.
Qxf5+ Qxf5 37. Rxf5 1-0

[Event "*** SCC Grand Prix: Titled Tuesday Blitz"]
[Site "Chess.com"]
[Date "2020.06.02"]
[Round "10"]
[White "PauloCesarCosta_sad"]
[Black "fischercapa"]
[Result "1-0"]
[WhiteElo "2219"]
[BlackElo "2337"]
[TimeControl "180+1"]
[EndTime "11:55:40 PDT"]
[Termination "PauloCesarCosta_sad won by checkmate"]

1. Nf3 Nf6 2. c4 e6 3. g3 b6 4. Bg2 Bb7 5. O-O c5 6. Nc3 Be7 7. d4 cxd4 8. Qxd4 O-O 9. Bg5 Nc6 10. Qf4 h6 11. Bxf6 Bxf6 12. Rac1 a6 13. Rfd1 Rc8 14.
e3 Re8 15. Ne4 Bxb2 16. Nd6 Bxc1 17. Qxf7+ Kh7 18. Nxb7 Qc7 19. Rxd7 Re7 20. Rxc7 Rcxc7 21. Ng5+ hxg5 22. Be4+ Kh8 23. Qf8# 1-0

[Event "*** SCC Grand Prix: Titled Tuesday Blitz"]
[Site "Chess.com"]
[Date "2020.06.02"]
[Round "10"]
[White "tylityli"]
[Black "Loiacono_Antonio"]
[Result "1-0"]
[WhiteElo "2291"]
[BlackElo "2388"]
[TimeControl "180+1"]
[EndTime "11:55:45 PDT"]
[Termination "tylityli won by resignation"]

1. d4 Nf6 2. c4 e6 3. Nc3 Bb4 4. e3 O-O 5. Ne2 d6 6. a3 Bxc3+ 7. Nxc3 e5 8. d5 Nbd7 9. e4 a5 10. Bd3 Nc5 11. Bc2 Bd7 12. Be3 Ne8 13. b4 axb4 14. axb4 Rxa1 15. Qxa1 Na6 16. Qb1 f5 17. exf5 Qf6 18.
O-O Bxf5 19. Bxf5 Qxf5 20. Qxf5 Rxf5 21. Rb1 Rf8 22. f3 Nf6 23. h3 Ra8 24. Ra1 c6 25. dxc6 bxc6 26. b5 cxb5 27. cxb5 Nc7 28. Rxa8+ Nxa8 29. b6 Nd7 30. b7 Nc7 31. Ba7 Na6 32. Nd5 Kf7 33. Nb6 Ndb8 34. Na8 Ke7 35. Nc7 Nxc7 36. Bxb8 Kd7 37. Ba7 Na6 38. b8=Q Nxb8 39. Bxb8 Kc6 40. Kf2 1-0

[Event "*** SCC Grand Prix: Titled Tuesday Blitz"]
[Site "Chess.com"]
[Date "2020.06.02"]
[Round "10"]
[White "SophieNikoladze"]
[Black "Enriquack"]
[Result "1-0"]
[WhiteElo "2183"]
[BlackElo "2323"]
[TimeControl "180+1"]
[EndTime "11:55:45 PDT"]
[Termination "SophieNikoladze won by resignation"]

1. d4 Nf6 2. Nf3 g6 3. g3 Bg7 4. Bg2 O-O 5. O-O d5 6. b3 c5 7. Bb2 cxd4 8. Bxd4 Nc6 9. Bb2 Re8 10. Ne5 Qc7 11. f4 Ne4 12. Qxd5 Qb6+ 13. Kh1 Nf2+ 14. Rxf2 Nxe5 15. Rf1 Ng4 16. Bxg7 Kxg7 17. Qf3 Ne3 18. Re1 Nxc2 19. Qc3+ Qf6 20. Qxc2 Qxa1 21. Rd1 Bf5 22. e4 Bg4 23. Re1 Rac8 24. Qd2 Red8 25. Qf2 Qd4 26. Qf1 Rc2 27. h3 Bc8 28. e5 Rxa2 29. Bf3 h5 30. Rd1 Qxd1 31. Bxd1 Ra1 32. Nc3 Rd3 33. Qxd3 1-0

[Event "*** SCC Grand Prix: Titled Tuesday Blitz"]
[Site "Chess.com"]
[Date "2020.06.02"]
[Round "10"]
[White "amelia91"]
[Black "kasparicy"]
[Result "0-1"]
[WhiteElo "1974"]
[BlackElo "2210"]
[TimeControl "180+1"]
[EndTime "11:55:45 PDT"]
[Termination "kasparicy won by resignation"]

1. d4 Nf6 2. Nf3 g6 3. e3 Bg7 4. c4 O-O 5. Nc3 d5 6. Be2 c5 7. O-O b6 8. dxc5 dxc4 9. cxb6 Qxb6 10. Qa4 Bb7 11. Qxc4 Nc6 12. Na4 Qa5 13. Bd2 Qh5 14. Nc5 Bc8 15. Nd4 Ne5 16. Qb5 Bg4 17. f3 Rab8 18.
Qa5 Bc8 19. Bc3 Nd5 20. Qc7 Nxc7 0-1

[Event "*** SCC Grand Prix: Titled Tuesday Blitz"]
[Site "Chess.com"]
[Date "2020.06.02"]
[Round "10"]
[White "Azatic"]
[Black "Oneofmyturns"]
[Result "1-0"]
[WhiteElo "2472"]
[BlackElo "2604"]
[TimeControl "180+1"]
[EndTime "11:55:48 PDT"]
[Termination "Azatic won by checkmate"]

1. e4 e5 2. Nf3 Nc6 3. Bb5 a6 4. Ba4 Nf6 5. O-O b5 6. Bb3 Bc5 7. c3 d6 8. d4 Bb6 9. Bg5 h6 10. Bh4 g5 11. Bg3 exd4 12. cxd4 Bg4 13. e5 Nh5 14. exd6 cxd6 15. Bd5 Nxd4 16. Qe1+ Kd7 17.
Nxd4 Nxg3 18. hxg3 Bxd4 19. Qe4 Bxb2 20. Qxg4+ Kc7 21.
Bxa8 Qxa8 22. Nd2 Bxa1 23. Rxa1 Qd5 24. Rc1+ Kb6 25. Qd7 Qxd2 26. Qc7# 1-0

[Event "*** SCC Grand Prix: Titled Tuesday Blitz"]
[Site "Chess.com"]
[Date "2020.06.02"]
[Round "10"]
[White "Malysch"]
[Black "Tomytoteph"]
[Result "1-0"]
[WhiteElo "2518"]
[BlackElo "2318"]
[TimeControl "180+1"]
[EndTime "11:55:48 PDT"]
[Termination "Malysch won by resignation"]

1. d4 Nf6 2. c4 e6 3. g3 Bb4+ 4. Nd2 O-O 5. Bg2 d5 6. Nf3 dxc4 7. Qc2 b5 8. a4 c6 9. axb5 cxb5 10. Ng5 Bxd2+ 11.
Bxd2 h6 12. h4 Qxd4 13. Bxa8 Nbd7 14. Bc6 Ne5 15. Bg2 Neg4 16. e3 Qc5 17. Ne4 Nxe4 18. Qxe4 f5 19. Qd4 Qc7 20. O-O a6 21. Bc3 Rd8 22.
Qf4 e5 23. Qf3 Rd3 24. Rfd1 Qc5 25. Rxd3 e4 26. Rd8+ 1-0

[Event "*** SCC Grand Prix: Titled Tuesday Blitz"]
[Site "Chess.com"]
[Date "2020.06.02"]
[Round "10"]
[White "ItsCheckM8Mate"]
[Black "BJthechessgod"]
[Result "1-0"]
[WhiteElo "2251"]
[BlackElo "2071"]
[TimeControl "180+1"]
[EndTime "11:55:52 PDT"]
[Termination "ItsCheckM8Mate won by resignation"]

1. d4 Nf6 2. Bf4 e6 3. Nf3 Be7 4. e3 O-O 5. h3 d5 6. Nbd2 Nbd7 7.
Bd3 c5 8. c3 b6 9. O-O Bb7 10. Ne5 Nxe5 11. Bxe5 Nd7 12. Bg3 Rc8 13. e4 cxd4 14. cxd4 dxe4 15. Nxe4 Nf6 16. Ng5 h6 17.
Nf3 Bxf3 18. Qxf3 Qxd4 19. b3 Rfd8 20. Rad1 Rc3 21. Bh7+ Kxh7 22. Rxd4 Rxf3 23. Rxd8 Rxg3 24. Ra8 Bd6 25. fxg3 1-0

[Event "*** SCC Grand Prix: Titled Tuesday Blitz"]
[Site "Chess.com"]
[Date "2020.06.02"]
[Round "10"]
[White "Papa12341234"]
[Black "Bulldog167"]
[Result "1-0"]
[WhiteElo "2568"]
[BlackElo "2731"]
[TimeControl "180+1"]
[EndTime "11:56:01 PDT"]
[Termination "Papa12341234 won by resignation"]

1. e4 e5 2. Nf3 Nc6 3. Bc4 Nf6 4. d3 Be7 5. c3 O-O 6. Nbd2 d6 7. Bb3 Kh8 8. O-O Ng8 9. Re1 f5 10. exf5 Bxf5 11.
d4 exd4 12. Nxd4 Nxd4 13. cxd4 d5 14. Re5 c6 15. h3 Bd6 16. Re1 Nf6 17. Nf3 Ne4 18.
Ne5 Nxf2 19. Qh5 Bxe5 20. Rxe5 Bg6 21. Qe2 Nd3 22. Bg5 Qb6 23. Re3 Nf4 24. Qd2 h6 25.
Be7 Rf7 26. Rae1 Be4 27. Bc5 Qc7 28. Rxe4 dxe4 29. Bxf7 Qxf7 30. Rf1 g5 31. Bd6 e3 32. Qxe3 Re8 33. Be5+ Kh7 34. g3 Nxh3+ 35. Kg2 Qh5 36. Qd3+ Kg8 37. Qb3+ Kh7 38. Rf7+ 1-0

[Event "*** SCC Grand Prix: Titled Tuesday Blitz"]
[Site "Chess.com"]
[Date "2020.06.02"]
[Round "10"]
[White "GAusal"]
[Black "chesslh19"]
[Result "1-0"]
[WhiteElo "2003"]
[BlackElo "2151"]
[TimeControl "180+1"]
[EndTime "11:56:01 PDT"]
[Termination "GAusal won by resignation"]

1. e4 c5 2. Nf3 a6 3. Nc3 e6 4.
Be2 Nc6 5. d4 cxd4 6. Nxd4 Nf6 7. O-O d6 8. Bg5 Be7 9. Nxc6 bxc6 10. Qd3 O-O 11. e5 dxe5 12. Qg3 Kh8 13. Qxe5 Nd7 14. Bxe7 Nxe5 15. Bxd8 Rxd8 16. Rad1 Bb7 17. Ne4 Nd7 18. Nd6 Ra7 19. Nxf7+ 1-0

[Event "*** SCC Grand Prix: Titled Tuesday Blitz"]
[Site "Chess.com"]
[Date "2020.06.02"]
[Round "10"]
[White "ehrenfeld"]
[Black "Dmitry_Konenkin"]
[Result "1-0"]
[WhiteElo "2436"]
[BlackElo "2286"]
[TimeControl "180+1"]
[EndTime "11:56:02 PDT"]
[Termination "ehrenfeld won by resignation"]

1. e4 d6 2. d4 Nf6 3. Nc3 e5 4. Nge2 Be7 5. g3 O-O 6. Bg2 c6 7. a4 Re8 8. O-O Bf8 9. h3 Nbd7 10. Be3 g6 11. Qd2 Bg7 12. g4 Nf8 13. Rad1 Qc7 14. f4 N6d7 15. dxe5 dxe5 16. f5 f6 17. Kh1 Nb6 18.
b3 g5 19. h4 h6 20. hxg5 hxg5 21. Ng3 Kf7 22. Rf2 a5 23. Bf1 Nfd7 24. Rh2 Rg8 25. Rh7 Kf8 26. Nh5 Qd8 27. Bxb6 Qxb6 28. Qd6+ Kf7 29. Bc4+ 1-0

[Event "*** SCC Grand Prix: Titled Tuesday Blitz"]
[Site "Chess.com"]
[Date "2020.06.02"]
[Round "10"]
[White "MomchilPetkov"]
[Black "Zurability"]
[Result "0-1"]
[WhiteElo "2538"]
[BlackElo "2706"]
[TimeControl "180+1"]
[EndTime "11:56:07 PDT"]
[Termination "Zurability won by resignation"]

1. e4 c5 2. Nf3 d6 3. d4 cxd4 4. Nxd4 Nf6 5. Nc3 a6 6. Bg5 e6 7. f4 Be7 8. Qf3 Qc7 9. O-O-O b5 10. Bxf6 gxf6 11. f5 Nc6 12. fxe6 fxe6 13. Qh5+ Kd8 14. Nce2 Bd7 15. Nxc6+ Qxc6 16. Nd4 Qxe4 17. Be2 Rc8 18. Bf3 Qe5 19. Qh3 Rc4 20. c3 b4 21. Rhe1 Qf4+ 22. Kc2 bxc3 23. Nxe6+ Bxe6 24. Qxe6 cxb2+ 25. Kb1 Rc7 26. Re4 Qc1+ 0-1

[Event "*** SCC Grand Prix: Titled Tuesday Blitz"]
[Site "Chess.com"]
[Date "2020.06.02"]
[Round "10"]
[White "szefru"]
[Black "bratkoo"]
[Result "0-1"]
[WhiteElo "2144"]
[BlackElo "2389"]
[TimeControl "180+1"]
[EndTime "11:56:09 PDT"]
[Termination "bratkoo won by resignation"]

1. e4 e6 2. d4 d5 3. Nd2 Nf6 4. e5 Nfd7 5. f4 c5 6. c3 Nc6 7.
Ndf3 Qb6 8. Ne2 f6 9. g3 cxd4 10.
cxd4 Bb4+ 11. Kf2 O-O 12. Kg2 a5 13. g4 a4 14. Ng3 fxe5 15. fxe5 Rxf3 16. Qxf3 Qxd4 17.
Be3 Qxb2+ 18. Be2 Ndxe5 19. Qf2 d4 20. Bf4 d3 21. Bxe5 Nxe5 22. Rab1 Qxa2 23. Rxb4 dxe2 24. Qxe2 Qd5+ 25. Qe4 Nxg4 26. Rd1 Ne3+ 27. Kf3 Nxd1 28. Qxd5 exd5 29. Ke2 Nc3+ 30. Kd3 a3 31. Kxc3 a2 0-1

[Event "*** SCC Grand Prix: Titled Tuesday Blitz"]
[Site "Chess.com"]
[Date "2020.06.02"]
[Round "10"]
[White "Colombiano07"]
[Black "Reality-Stone"]
[Result "1-0"]
[WhiteElo "2365"]
[BlackElo "2478"]
[TimeControl "180+1"]
[EndTime "11:56:10 PDT"]
[Termination "Colombiano07 won by checkmate"]

1. Nf3 d5 2. b3 c5 3. Bb2 f6 4.
e3 e5 5. d4 cxd4 6. exd4 e4 7.
Nfd2 f5 8. Bb5+ Nc6 9. O-O Nf6 10. f3 Be6 11. fxe4 fxe4 12. c4 a6 13. cxd5 Bxd5 14. Bxc6+ Bxc6 15. Nc3 Qxd4+ 16. Kh1 e3 17. Nc4 Qxd1 18. Raxd1 Be7 19. Nxe3 O-O 20. Nf5 Bc5 21. Na4 Ba7 22. Ne7+ Kh8 23. Nxc6 bxc6 24. Bxf6 Rxf6 25. Rxf6 gxf6 26. Rd7 Re8 27. g4 Re1+ 28. Kg2 Re2+ 29. Kf3 Rf2+ 30. Kg3 Be3 31. Rd3 Re2 32. Kf3 Rxa2 33.
Rxe3 Rxh2 34. Kg3 Rc2 35. Re7 c5 36. Rc7 Re2 37. Nxc5 a5 38. Kf4 Rf2+ 39. Ke4 Rg2 40. Kf5 Rf2+ 41. Ke6 Rg2 42. Kxf6 Rxg4 43. Rc8+ Rg8 44. Rxg8+ Kxg8 45. Nb7 h5 46. Kg5 Kf7 47. Nxa5 Ke6 48. Nc4 Kd5 49. Nd2 Kc5 50. Kxh5 Kb4 51. Kg4 Kc3 52. Kf4 Kxd2 53. b4 Kc3 54. b5 Kb4 55. b6 Ka5 56. b7 Kb6 57. b8=Q+ Ka6 58.
Ke4 Ka5 59. Kd4 Ka6 60. Kc4 Ka5 61. Qb5# 1-0

[Event "*** SCC Grand Prix: Titled Tuesday Blitz"]
[Site "Chess.com"]
[Date "2020.06.02"]
[Round "10"]
[White "vanImpe"]
[Black "novocane"]
[Result "1-0"]
[WhiteElo "2336"]
[BlackElo "2170"]
[TimeControl "180+1"]
[EndTime "11:56:10 PDT"]
[Termination "vanImpe won by resignation"]

1. g3 e5 2. Bg2 d5 3. c4 dxc4 4.
Na3 Bxa3 5. Qa4+ Bd7 6. Qxa3 Bc6 7. Nf3 Ne7 8. O-O Nd7 9. Qc3 b5 10. Nxe5 Bxg2 11. Kxg2 Nxe5 12. Qxe5 Qd5+ 13. Qxd5 Nxd5 14. b3 Nb6 15. bxc4 Nxc4 16. d3 Nd6 17. Bb2 O-O 18. Rfc1 Rfc8 19. Rc6 b4 20. Rac1 Nb5 21. R1c5 a6 22. Rc4 Na3 23. Rxb4 Nb5 24. a4 Nd6 25. Be5 a5 26. Rb2 f6 27. Bxd6 cxd6 28. Rxd6 Rab8 29. Rxb8 Rxb8 30. Ra6 1-0

[Event "*** SCC Grand Prix: Titled Tuesday Blitz"]
[Site "Chess.com"]
[Date "2020.06.02"]
[Round "10"]
[White "GigaQuparadze"]
[Black "kingnb"]
[Result "1-0"]
[WhiteElo "2816"]
[BlackElo "2563"]
[TimeControl "180+1"]
[EndTime "11:56:13 PDT"]
[Termination "GigaQuparadze won by resignation"]

1. e4 e6 2. Qe2 d5 3. exd5 Qxd5 4. Nc3 Qd8 5. d4 Nf6 6. g3 Nc6 7. Nf3 Be7 8. Bg2 O-O 9. O-O Re8 10. Rd1 Nd5 11.
Ne5 Nxe5 12. dxe5 c6 13. Ne4 b5 14. b3 b4 15. Bb2 a5 16. c4 bxc3 17. Nxc3 Qc7 18.
Ne4 Ba6 19. Qg4 Red8 20. Rac1 Nb4 21. Nf6+ Kh8 22. Qh5 gxf6 23. exf6 Bf8 24. Be4 h6 25.
Be5 Qa7 26. Bf4 Rxd1+ 27. Rxd1 Qc5 28. Qxf7 Ra7 29. Rd7 Rxd7 30. Qxd7 1-0